 Dungeon Crawl Stone Soup version 0.28-a0-1190-g77e1c55843 (webtiles) character file.

Game seed: 13110866255432941865

466 rogsnak the Conjurer (level 6, -6/42 HPs)
             Began as a Demonspawn Air Elementalist on Dec 19, 2021.
             Killed from afar by Pikel (32 damage)
             ... with a bolt of acid
             ... on level 4 of the Dungeon.
             The game lasted 00:09:20 (4163 turns).

rogsnak the Conjurer (Demonspawn Air Elementalist)  Turns: 4163, Time: 00:09:21

Health: -6/42      AC:  6    Str:  8    XL:     6   Next: 81%
Magic:  10/12      EV: 12    Int: 19    God:
Gold:   183        SH:  0    Dex: 13    Spells: 12/13 levels left

rFire   . . .      SeeInvis .   y - +2 scythe (venom)
rCold   . . .      Faith    .   (shield currently unavailable)
rNeg    . . .      Spirit   .   z - +2 robe {Will+}
rPois   .          Reflect  .   o - +0 helmet
rElec   .          Harm     .   (no cloak)
rCorr   .          Rampage  .   t - +1 pair of gloves
Will    +....                   (no boots)
Stlth   ++........              (no amulet)
HPRegen 0.14/turn               (no ring)
MPRegen 0.13/turn               (no ring)

@: corroded
A: icy blue scales 2, demonic magic 2
a: no special abilities


You were on level 4 of the Dungeon.
You visited 1 branch of the dungeon, and saw 4 of its levels.

You collected 183 gold pieces.

Inventory:

Hand Weapons
 c - a +0 club
 d - a +0 spear
 k - a +0 war axe
 l - a +2 dagger of speed
 y - a +2 scythe of venom (weapon)
Missiles
 e - 6 silver boomerangs
 f - 14 poisoned darts
Armour
 a - a +0 robe
 o - a +0 helmet (worn)
 t - a +1 pair of gloves (worn)
 z - a +2 robe of willpower (worn)
Scrolls
 g - a scroll of holy word {unknown}
 j - a scroll of identify {unknown}
 n - a scroll of immolation
 p - a scroll of fog {unknown}
 q - 2 scrolls of magic mapping {unknown}
 r - a scroll of vulnerability {unknown}
 s - 2 scrolls of enchant weapon {unknown}
 x - a scroll of teleportation {unknown}
Potions
 b - a potion of attraction {unknown}
 h - 2 potions of curing
 i - a potion of degeneration {unknown}
 m - 2 potions of lignification {unknown}
 u - a potion of flight {unknown}
 v - a potion of mutation {unknown}
 w - a potion of invisibility {unknown}


   Skills:
 + Level 0.4 Fighting
 + Level 2.1 Dodging
 - Level 2.0 Stealth
 + Level 4.3 Spellcasting
 * Level 4.4 Conjurations
 + Level 3.8 Air Magic


You had 12 spell levels left.
You knew the following spells:

 Your Spells              Type           Power      Damage    Failure   Level
a - Shock                 Conj/Air       76%        1d7       2%          1

Your spell library contained the following spells:

 Spells                   Type           Power      Damage    Failure   Level
 Static Discharge         Conj/Air       19%        N/A       3%          2
 Swiftness                Air            18%        N/A       9%          3
 Slow                     Hex            16%        N/A       14%         1
 Airstrike                Air            9%         N/A       26%         4
 Confusing Touch          Hex            4%         N/A       38%         3
 Yara's Violent Unravell  Hex/Tmut       2%         3d3       98%         5


Dungeon Overview and Level Annotations

Branches:
Dungeon (4/15)
 Temple: D:4-7

Altars:
Nemelex Xobeh

Annotations:
D:4 Pikel


Innate Abilities, Weirdness & Mutations

You are mostly covered in icy blue scales. (AC +3)
Spells you cast may paralyse nearby enemies.


Message History

You see here a +0 chain mail.
You open the door.
There is an open door here.
You open the door.
There is an open door here.
There is an open door here. 2 lemures come into view.
Casting: Shock (safe; 2% risk of failure)
Confirm with . or Enter, or press ? or * to list all spells.
Aiming: Shock (safe; 2% risk of failure)
Press: ? - help, Shift-Dir - straight line, f - lemure
Aim: a lemure (wandering, hasn't noticed you, 64% to hit)
Okay, then.
Pikel, Merchant of Souls comes into view.
He is wielding a +1 whip of freezing and carrying a wand of acid (6).
The lemure shouts!
Pikel shouts!
The lemure shouts!
You hear a shout!
There is a stone staircase leading up here.
Casting: Shock (safe; 2% risk of failure)
Confirm with . or Enter, or press ? or * to list all spells.
Aiming: Shock (safe; 2% risk of failure)
Press: ? - help, Shift-Dir - straight line The zap hits Pikel.
Pikel is lightly wounded.
The zap hits the lemure.
The lemure is lightly wounded.
Malevolent energies surge around you.
Pikel zaps a wand.
The bolt of acid hits you! The acid corrodes you!
Unknown command.
Unknown command.
Casting: Shock (safe; 2% risk of failure)
Confirm with . or Enter, or press ? or * to list all spells.
Aiming: Shock (safe; 2% risk of failure)
Press: ? - help, Shift-Dir - straight line The zap hits Pikel.
Pikel is moderately wounded.
The zap hits the lemure.
The lemure is moderately wounded.
Malevolent energies surge around you.
Pikel zaps a wand.
The bolt of acid hits you!!
Ouch! That really hurt!
You die...

############ ####
##..........## #.).
##............###)##
#..@................
#...............####
###K...^.........##
#55.............[#
.....#..............#
....###............##
...# ##........>.##
.. ########.#########
#.##8##8##8


You could see Pikel and 2 lemures.

Vanquished Creatures
  Sigmund (D:4)
  A lemure (D:4)
  2 hounds (D:4)
  2 iguanas
  2 hound skeletons (D:4)
  3 gnolls (D:3)
  5 adders
  2 ufetubi (D:4)
  2 adder skeletons (D:4)
  An adder zombie (D:3)
  3 dart slugs
  6 orcs
  7 endoplasms
  5 goblins
  5 hobgoblins
  2 jackals (D:2)
  A quokka (D:1)
  2 ball pythons
  4 bats
  3 frilled lizards
  7 kobolds
  4 rats (D:3)
70 creatures vanquished.

Notes
Turn   | Place    | Note
-------+----------+-------------------------------------------
     0 | D:1      | rogsnak the Demonspawn Air Elementalist began the quest for
                  | the Orb.
     0 | D:1      | Reached XP level 1. HP: 13/13 MP: 3/3
   672 | D:1      | Gained mutation: You are partially covered in icy blue
                  | scales. (AC +2) [demonic ancestry]
   672 | D:1      | Reached XP level 2. HP: 4/19 MP: 0/5
  1683 | D:2      | Gained mutation: Spells you cast may paralyse adjacent
                  | enemies. [demonic ancestry]
  1683 | D:2      | Reached XP level 3. HP: 21/24 MP: 2/7
  2210 | D:3      | Found a faded altar of an unknown god.
  2438 | D:3      | Gained mutation: Spells you cast may paralyse nearby
                  | enemies. [demonic ancestry]
  2438 | D:3      | Reached XP level 4. HP: 30/30 MP: 1/8
  3098 | D:3      | Reached XP level 5. HP: 35/35 MP: 7/9
  3498 | D:4      | Found a sparkling altar of Nemelex Xobeh.
  3791 | D:4      | Noticed a lemure
  3803 | D:4      | Killed a lemure
  3899 | D:4      | Gained mutation: You are mostly covered in icy blue scales.
                  | (AC +3) [demonic ancestry]
  3899 | D:4      | Reached XP level 6. HP: 41/41 MP: 7/11
  3939 | D:4      | Noticed Sigmund
  3948 | D:4      | Killed Sigmund
  4159 | D:4      | Noticed Pikel
  4163 | D:4      | Killed from afar by Pikel

Illustrated notes

Levels and vault maps discovered:
D:1:      minmay_arrival_jagged, layout_loops_corners,
          hangedman_abyss_or_decor_stabs
D:2:      layout_basic
D:3:      minmay_bubble_buster, layout_loops_ring,
          hellmonk_ecumenical_altar_blasted, supply_closet_lemuel
D:4:      layout_rooms, nicolae_ru_path_of_blood, lemuel_coloured_pillars_altar,
          serial_shops, shop, dk_noncrumbling_2, minmay_misc_feat_chi,
          uniq_sigmund, uniq_pikel

Skill      XL: |  1  2  3  4  5  6 |
---------------+-------------------+-----
Air Magic      | 3 |  3.8
Spellcasting   | 3 4 |  4.3
Dodging        | 2 |  2.1
Conjurations   | 3 4 |  4.4
Stealth        | 2 |  2.0
Fighting       | |  0.4

Action                   |  1- 3 |  4- 6 || total
-------------------------+-------+-------++-------
Melee: Spear             |    25 |       ||    25
       Club              |     2 |       ||     2
       Dagger            |    13 |    20 ||    33
 Cast: Shock             |    73 |    87 ||   160
 Stab: Paralysed         |     4 |    14 ||    18
Armor: Robe              |     8 |     3 ||    11
       Skin              |       |     1 ||     1
Dodge: Dodged            |    25 |     9 ||    34

Table legend: (Time is in decaauts)
 A = Elapsed time spent in this place.
 B = Non-inter-level travel time spent in this place.
 C = Inter-level travel time spent in this place.
 D = Time resting spent in this place.
 E = Time spent auto-exploring this place.
 F = Levels seen in this place.
 G = Mean time per level.
                   A        B        C        D        E       F      G
               +--------+--------+--------+--------+--------+-----+--------+
         Total |   4151 |   4087 |     64 |   1106 |   2322 |   4 | 1037.8 |
       Dungeon |   4151 |   4087 |     64 |   1106 |   2322 |   4 | 1037.8 |
               +--------+--------+--------+--------+--------+-----+--------+

Top non-repeatable levels by time:
     D:1: 1363 daAuts
     D:3: 1253 daAuts
     D:4: 831 daAuts
     D:2: 702 daAuts
